 Dungeon Crawl Stone Soup version 0.32-a0-872-g59262bdc9b (webtiles) character file.

Game seed: 4633991012035468951

54223 Esekla the Reanimator (level 14, -2/109 HPs)
             Began as a Demonspawn Wanderer on Mar 28, 2024.
             Was a High Priest of Vehumet.
             Slain by an eight-headed hydra (11 damage)
             ... on level 5 of the Lair of Beasts on Mar 31, 2024.
             The game lasted 02:49:15 (20523 turns).

Esekla the Reanimator (Demonspawn Wanderer)        Turns: 20523, Time: 02:49:16

Health: -2/109     AC:  8    Str: 14    XL:     14   Next: 33%
Magic:  0/27       EV: 13    Int: 18    God:    Vehumet [*****.]
Gold:   1234       SH:  0    Dex: 17    Spells: 5/32 levels left

rFire   . . .        a - +12 whip of Xom's Generosity {spect, Str+3}
rCold   + . .        (no shield)
rNeg    + . .        E - +2 robe of Gallantry {rC+ rN+ Str-3 Archmagi}
rPois   +            (helmet unavailable)
rElec   .            R - +0 cloak
rCorr   .            (no gloves)
SInv    +            (no boots)
Will    ++...        L - amulet of guardian spirit
Stlth   ++++         z - +6 ring of dexterity
HPRegen 0.38/turn    c - ring of poison resistance
MPRegen 0.20/turn

%: guardian spirit, archmagi
@: fugue
A: antennae 3, ignite blood 1, spiny 1, sharp scales 3, demonic willpower
a: Renounce Religion


You were on level 5 of the Lair of Beasts.
You worshipped Vehumet.
Vehumet was extremely pleased with you.
You visited 3 branches of the dungeon, and saw 18 of its levels.
You also visited: Ossuary.

You collected 1234 gold pieces.

Inventory:

Hand Weapons
 a - the +12 whip of Xom's Generosity (weapon) {spect, Str+3}
   (You took it off an orc wizard on level 7 of the Dungeon)

   Str+3:     It affects your strength (+3).
 f - a +0 spear
 g - a +0 dagger of protection
 s - a +2 dagger of freezing
 x - a +1 vampiric whip
 V - a +2 spear of venom
Missiles
 l - 39 poisoned darts (quivered)
 H - 16 boomerangs
 I - 2 curare-tipped darts
Armour
 C - a +2 robe of fire resistance
 E - the +2 robe of Gallantry (worn) {rC+ rN+ Str-3 Archmagi}
   (You found it on level 6 of the Dungeon)

   Str-3:     It affects your strength (-3).
   rC+:       It protects you from cold.
   rN+:       It protects you from negative energy.
   Archmagi:  It increases the power of your magical spells.
 R - a +0 cloak (worn)
Jewellery
 c - a ring of poison resistance (right hand)
 i - a ring of resist corrosion
 o - a ring of flight
 z - a +6 ring of dexterity (left hand)
 L - an amulet of guardian spirit (around neck)
 M - a ring of wizardry
 N - a ring of fire
 Z - a ring of wizardry
Wands
 j - a wand of acid (5)
 m - a wand of flame (26)
 F - a wand of roots (7)
 J - a wand of mindburst (4)
Scrolls
 b - a scroll of silence {unknown}
 d - 4 scrolls of fog
 n - a scroll of blinking {unknown}
 r - 3 scrolls of immolation {unknown}
 t - a scroll of butterflies {unknown}
 u - 3 scrolls of enchant weapon {unknown}
 y - 4 scrolls of revelation {unknown}
 B - 3 scrolls of amnesia {unknown}
 D - 2 scrolls of noise {unknown}
 G - a scroll of vulnerability {unknown}
 K - a scroll of acquirement {unknown}
 S - 2 scrolls of enchant armour {unknown}
 U - 2 scrolls of fear
Potions
 e - 9 potions of curing
 h - 4 potions of might
 k - 4 potions of heal wounds
 p - 4 potions of lignification
 q - 2 potions of brilliance
 v - 4 potions of attraction
 w - a potion of resistance {unknown}
 A - a potion of cancellation {unknown}
 P - a potion of magic
 Q - a potion of invisibility {unknown}
 T - 4 potions of haste
 W - 2 potions of ambrosia
 X - a potion of enlightenment {unknown}
 Y - a potion of berserk rage {unknown}
Miscellaneous
 O - a lightning rod (4/4)


   Skills:
 * Level 9.9 Fighting
 + Level 5.9 Short Blades
 + Level 5.5 Maces & Flails
 + Level 3.8 Throwing
 + Level 1.0 Armour
 + Level 4.7 Dodging
 + Level 8.3 Stealth
 * Level 9.5 Spellcasting
 + Level 8.6 Conjurations
 + Level 1.1 Hexes
 * Level 10.4 Necromancy
 + Level 1.2 Fire Magic
 * Level 8.4 Air Magic
 + Level 5.7 Alchemy
 + Level 1.0 Evocations


You had 5 spell levels left.
You knew the following spells:

 Your Spells              Type           Power      Damage    Failure   Level
a - Shock                 Conj/Air       100%       1d9       1%          1
c - Mephitic Cloud        Conj/Alch/Air  52%        N/A       1%          3
d - Vampiric Draining     Necr           62%        2d10      1%          3
k - Airstrike             Air            27%        2d(4-20)  1%          4
l - Lee's Rapid Deconstr  Erth           6%         3d6*      50%         5
n - Ignite Poison         Fire/Alch      31%        N/A       5%          4
u - Dispel Undead         Necr           62%        3d22      1%          4
w - Fugue of the Fallen   Necr           62%        N/A       1%          3

Your spell library contained the following spells:

 Spells                   Type           Power      Damage    Failure   Level
 Conjure Ball Lightning   Conj/Air       28%        3x3d8     11%         6
 Cigotuvi's Dreadful Rot  Necr/Alch/Air  100%       N/A       1%          2
 Arcjolt                  Conj/Air       28%        1d38      1%          5
 Slow                     Hex            72%        N/A       5%          1
 Anguish                  Hex/Necr       21%        N/A       8%          4
 Jinxbite                 Hex            36%        N/A       9%          2
 Ensorcelled Hibernation  Hex/Ice        30%        N/A       10%         2
 Martyr's Knell           Necr/Summ      40%        N/A       10%         4
 Confusing Touch          Hex            18%        N/A       16%         3
 Maxwell's Portable Pile  Tloc           12%        2d(7-13)  63%         4
 Maxwell's Capacitive Co  Air            27%        ∞         98%         8
 Dispersal                Tloc           6%         N/A       100%        6
 Gell's Gavotte           Tloc           6%         2d(14-20) 100%        6
 Manifold Assault         Tloc           6%         N/A       100%        7
 Disjunction              Tloc           6%         N/A       100%        8


Dungeon Overview and Level Annotations

Branches:
Dungeon (12/15)            Temple (1/1) D:7            Lair (5/5) D:10
  Swamp (0/4) Lair:3        Snake (0/4) Lair:2        Slime (0/5) Lair:5
    Orc (0/2) D:12        Ossuary (visited)

Altars:
Ashenzari
Cheibriados
Dithmenos
Fedhas
Gozag
Hepliaklqana
Kikubaaqudgha
Makhleb
Nemelex Xobeh
Okawaru
Qazlal
Ru
Sif Muna
Trog
Uskayaw
Vehumet
Wu Jian
Xom
Yredelemnul
Jiyva

Shops:
D:4 *   D:8 [   D:12 [

Annotations:
D:1 dig 4 treasure
Lair:2 3 runed translucent doors, 601d51SH's ghost, journeyman GnFi


Innate Abilities, Weirdness & Mutations

You have a pair of large antennae on your head. (SInv)
Your demonic aura sometimes causes spilled blood to erupt in flames.
You are partially covered in sharp spines.
You are completely covered in razor-sharp scales. (AC +3, Slay +3)
You punish those that try to bend your will. (Will+)


Message History

The eight-headed hydra bites you.
The eight-headed hydra barely misses you.
The eight-headed hydra misses you. The eight-headed hydra bites you.
You whack the eight-headed hydra!
The eight-headed hydra is moderately wounded.
Your +12 whip of Xom's Generosity {spect, Str+3} hits the eight-headed hydra.
The eight-headed hydra is struck by your spines.
The eight-headed hydra bites you.
The eight-headed hydra closely misses you.
The eight-headed hydra bites you but does no damage.
The eight-headed hydra misses you. The eight-headed hydra bites you. x3
The eight-headed hydra bites you but does no damage.
You whack the eight-headed hydra!
The eight-headed hydra is severely wounded.
Your +12 whip of Xom's Generosity {spect, Str+3} hits the eight-headed hydra!
The eight-headed hydra bites you but does no damage.
The eight-headed hydra bites you! x4
* * * LOW HITPOINT WARNING * * *
The eight-headed hydra bites you but does no damage.
The eight-headed hydra bites you.
* * * LOW HITPOINT WARNING * * *
The eight-headed hydra barely misses you.
You whack the eight-headed hydra!
The eight-headed hydra is almost dead.
Your +12 whip of Xom's Generosity {spect, Str+3} hits the eight-headed hydra!
The eight-headed hydra bites your +12 whip of Xom's Generosity {spect, Str+3}.
Your spectral weapon shares its damage with you!
* * * LOW HITPOINT WARNING * * *
The eight-headed hydra bites your +12 whip of Xom's Generosity {spect, Str+3}!
Your spectral weapon shares its damage with you!
* * * LOW HITPOINT WARNING * * *
The eight-headed hydra bites your +12 whip of Xom's Generosity {spect, Str+3}!
Your spectral weapon shares its damage with you!
* * * LOW HITPOINT WARNING * * *
The eight-headed hydra bites your +12 whip of Xom's Generosity {spect, Str+3}!
Your spectral weapon shares its damage with you!
Your +12 whip of Xom's Generosity {spect, Str+3} disappears.
* * * LOW HITPOINT WARNING * * *
The eight-headed hydra bites you!
You die...

### ###.# ########(..##
###......((...# ###
##.....P##○☼(..# #.##
##P...P.##@D†..##
#..####.....###..§÷#.##
.....##...###...○..#..##
....##....#..÷....(##..##
...##..÷.##.ß.....(.#...#
...#.....#.....#...(#...#
...#.P...#.ß.##.#...#..P#
...#...÷.#... # ..÷#...#
...#....## #..##


You could see an eight-headed hydra.

Vanquished Creatures
  Josephine (Lair:4)
  A ghost crab (Lair:3)
  2 catoblepae
  5 hydras
  5 boulder beetles
  5 death yaks (Lair:5)
  A deep troll shaman (Lair:5)
  2 skysharks (Lair:3)
  Amaemon (Lair:3)
  A spectral hydra (Lair:3)
  A deep elf pyromancer (D:12)
  An ugly thing (D:12)
  3 manticores
  An orange demon (Lair:3)
  25 elephants
  4 black mambas
  12 cane toads
  2 gargoyles (D:10)
  3 rime drakes
  7 komodo dragons
  Psyche (D:9)
  3 polar bears
  3 trolls
  5 dream sheep (Lair:5)
  8 blink frogs
  5 shadows
  3 wyverns
  44 yaks
  5 wraiths
  3 basilisks
  2 steam dragons
  A spectral cane toad (Lair:3)
  2 nagas (Lair:2)
  An acid dragon (D:7)
  13 water moccasins
  Duvessa (D:7)
  5 orc warriors
  2 black bears
  A spectral blink frog (Lair:3)
  A sky beast (D:6)
  6 ice beasts
  2 ogres
  4 centaurs (D:11)
  16 wolves
  A phantom (D:6)
  5 kobold brigands
  A spectral basilisk (Lair:3)
  14 bullfrogs
  A gnoll sergeant (D:7)
  6 scorpions
  4 wights (D:7)
  Dowan (D:7)
  7 killer bees
  7 howler monkeys
  5 hounds
  3 jellies
  A bombardier beetle (D:4)
  7 orc priests
  A gnoll bouda (D:4)
  5 iguanas
  A sleepcap (D:7)
  Ijyb (D:5)
  14 orc wizards
  6 hell rats (Lair:3)
  8 mummies (Ossuary)
  7 gnolls
  6 adders
  A river rat (D:5)
  2 white imps
  2 ribbon worms
  2 dart slugs
  50 orcs
  10 endoplasms
  3 giant cockroaches
  A gnoll zombie (Ossuary)
  5 goblins
  5 hobgoblins
  4 jackals (D:5)
  27 kobolds
  A quokka (D:5)
  12 ball pythons
  3 bats
  3 frilled lizards
  A hobgoblin zombie (Ossuary)
  6 orc zombies (Ossuary)
  8 rats
478 creatures vanquished.

Vanquished Creatures (others)
  A hell rat (Lair:3)
  3 spectral weapons (Lair:5)
4 creatures vanquished.

Grand Total: 482 creatures vanquished

Notes
Turn   | Place    | Note
-------+----------+-------------------------------------------
     0 | D:1      | Esekla the Demonspawn Wanderer began the quest for the Orb.
     0 | D:1      | Esekla set off with the following items: a +0 club, a
                  | scroll of fear, a +0 robe, a scroll of fog; and the
                  | following spell memorised: Shock; and the following spells
                  | available to memorise: Jinxbite, Ensorcelled Hibernation,
                  | Mephitic Cloud, Airstrike.
     0 | D:1      | Reached XP level 1. HP: 16/16 MP: 3/3
   287 | D:1      | Gained mutation: You are partially covered in sharp spines.
                  | [demonic ancestry]
   287 | D:1      | Reached XP level 2. HP: 22/22 MP: 1/5
   430 | D:1      | Reached skill level 1 in Alchemy
  1083 | D:1      | Gained mutation: You are partially covered in razor-sharp
                  | scales. (AC +1, Slay +1) [demonic ancestry]
  1083 | D:1      | Reached XP level 3. HP: 27/27 MP: 3/6
  1087 | D:1      | Learned a level 3 spell: Mephitic Cloud
  1158 | D:2      | Reached skill level 1 in Conjurations
  1250 | D:2      | Gained mutation: You are mostly covered in razor-sharp
                  | scales. (AC +2, Slay +2) [demonic ancestry]
  1250 | D:2      | Reached XP level 4. HP: 33/33 MP: 4/7
  1684 | D:3      | Found a bloodstained altar of Trog.
  1776 | D:3      | Noticed an ogre
  1851 | D:3      | Killed an ogre
  1852 | D:3      | Reached skill level 1 in Short Blades
  1852 | D:3      | Gained mutation: You are completely covered in razor-sharp
                  | scales. (AC +3, Slay +3) [demonic ancestry]
  1852 | D:3      | Reached XP level 5. HP: 39/39 MP: 5/9
  2082 | D:4      | Found Kehojole's Overcharged Wands.
  2279 | D:4      | Found a sand-covered staircase.
  2320 | Ossuary  | Entered an ossuary
  2532 | Ossuary  | Gained mutation: You have a pair of small antennae on your
                  | head. [demonic ancestry]
  2532 | Ossuary  | Reached XP level 6. HP: 46/46 MP: 6/10
  2842 | D:4      | Learned a level 3 spell: Fugue of the Fallen
  3038 | D:4      | Found an ancient bone altar of Kikubaaqudgha.
  3362 | D:5      | Entered Level 5 of the Dungeon
  3362 | D:5      | Noticed Ijyb
  3362 | D:5      | Noticed an ice beast
  3463 | D:5      | Noticed an ice beast
  3480 | D:4      | Reached skill level 1 in Necromancy
  3874 | D:5      | Reached XP level 7. HP: 41/52 MP: 11/11
  4018 | D:5      | Found a glowing drain.
  4181 | D:5      | Reached skill level 1 in Stealth
  4203 | D:5      | Reached skill level 1 in Dodging
  4549 | D:5      | Upgraded the game from 0.32-a0-868-g153ae1a8d6 to
                  | 0.32-a0-871-ge202e49faa
  4736 | D:6      | Identified the +2 robe of Gallantry {rC+ rN+ Str-3
                  | Archmagi}
  4853 | D:4      | Reached skill level 1 in Throwing
  5061 | D:4      | Reached skill level 2 in Necromancy
  5294 | D:5      | Killed Ijyb
  5470 | D:6      | Reached XP level 8. HP: 59/60 MP: 13/13
  5677 | D:6      | Reached skill level 3 in Necromancy
  6645 | D:7      | Gained mutation: You have a pair of antennae on your head.
                  | [demonic ancestry]
  6645 | D:7      | Reached XP level 9. HP: 51/66 MP: 12/15
  6786 | D:7      | Found a staircase to the Ecumenical Temple.
  6819 | Temple   | Entered the Ecumenical Temple
  6886 | D:7      | Reached skill level 4 in Necromancy
  7277 | D:7      | Noticed Dowan
  7302 | D:7      | Noticed Duvessa
  7317 | D:7      | Killed Duvessa
  7334 | D:7      | Killed Dowan
  7405 | D:7      | Reached skill level 5 in Fighting
  7631 | D:7      | Noticed a troll
  7632 | D:7      | Noticed a manticore
  7633 | D:7      | Noticed a komodo dragon
  7634 | D:7      | Noticed a boulder beetle
  7723 | D:7      | Upgraded the game from 0.32-a0-871-ge202e49faa to
                  | 0.32-a0-872-g59262bdc9b
  7738 | D:7      | Identified the +12 whip of Xom's Generosity {spect, Str+3}
  7839 | D:7      | Killed a troll
  7840 | D:7      | Reached skill level 5 in Spellcasting
  7840 | D:7      | Reached skill level 5 in Necromancy
  8156 | D:7      | Killed a manticore
  8157 | D:7      | Gained mutation: You have a pair of large antennae on your
                  | head. (SInv) [demonic ancestry]
  8157 | D:7      | Reached XP level 10. HP: 49/74 MP: 11/17
  8592 | D:7      | Reached skill level 5 in Short Blades
  8614 | D:7      | Killed a boulder beetle
  8615 | D:7      | Reached skill level 5 in Conjurations
  9004 | D:8      | Found a radiant altar of Vehumet.
  9010 | D:8      | Became a worshipper of Vehumet
  9106 | D:8      | Found Inabois's Armour Shoppe.
  9357 | D:8      | Found a hide-covered altar of Uskayaw.
  9357 | D:8      | Found a blossoming altar of Fedhas.
  9396 | D:8      | Reached skill level 6 in Necromancy
 10034 | D:9      | Reached skill level 5 in Air Magic
 10059 | D:9      | Reached * piety under Vehumet
 10059 | D:9      | Offered knowledge of Sandblast by Vehumet.
 10294 | D:9      | Noticed Psyche
 10297 | D:9      | Killed Psyche
 10342 | D:9      | Reached skill level 5 in Stealth
 10347 | D:9      | Gained mutation: Your demonic aura sometimes causes spilled
                  | blood to erupt in flames. [demonic ancestry]
 10347 | D:9      | Reached XP level 11. HP: 84/84 MP: 15/20
 10417 | D:9      | Offered knowledge of Freeze by Vehumet.
 10625 | D:9      | Reached ** piety under Vehumet
 10902 | D:10     | Entered Level 10 of the Dungeon
 10903 | D:10     | Found a staircase to the Lair.
 10923 | D:10     | Found a shadowy altar of Dithmenos.
 10953 | D:10     | Learned a level 3 spell: Vampiric Draining
 10958 | D:10     | Learned a level 4 spell: Airstrike
 10963 | D:10     | Learned a level 4 spell: Dispel Undead
 11289 | D:10     | Identified the blade talisman of Ymewy {*Corrode rC++}
 11340 | D:10     | Reached skill level 7 in Necromancy
 11954 | D:11     | Reached skill level 5 in Alchemy
 11963 | D:11     | Offered knowledge of Mercury Vapours by Vehumet.
 12343 | D:11     | Reached skill level 1 in Maces & Flails
 12527 | D:12     | Noticed a deep elf pyromancer
 12533 | D:12     | Found Niorir's Armour Boutique.
 12533 | D:12     | Found a staircase to the Orcish Mines.
 12546 | D:12     | Reached *** piety under Vehumet
 12557 | D:12     | Killed a deep elf pyromancer
 12657 | D:12     | Noticed a cyan ugly thing
 12666 | D:12     | Killed a cyan ugly thing
 13482 | Lair:1   | Entered Level 1 of the Lair of Beasts
 13625 | Lair:1   | Noticed a boulder beetle
 13786 | Lair:1   | Offered knowledge of Stone Arrow by Vehumet.
 13885 | Lair:1   | Reached XP level 12. HP: 85/92 MP: 22/22
 13900 | Lair:1   | Noticed a boulder beetle
 13917 | Lair:1   | Killed a boulder beetle
 14170 | Lair:1   | Killed a boulder beetle
 14377 | Lair:2   | Reached skill level 8 in Necromancy
 14569 | Lair:2   | Found a staircase to the Snake Pit.
 14725 | Lair:2   | Found a runed translucent gate.
 14725 | Lair:2   | Noticed an eight-headed hydra
 14924 | Lair:2   | Noticed a five-headed hydra
 14930 | Lair:2   | Killed a five-headed hydra
 15085 | Lair:2   | Found a runed translucent gate.
 15085 | Lair:2   | Found a runed translucent gate.
 15088 | Lair:2   | Noticed 601d51SH's ghost (journeyman GnFi)
 15282 | Lair:3   | Noticed an eight-headed hydra
 15294 | Lair:2   | Reached **** piety under Vehumet
 15481 | Lair:3   | Killed an eight-headed hydra
 15657 | Lair:3   | Offered knowledge of Lee's Rapid Deconstruction by Vehumet.
 15678 | Lair:2   | Learned a level 5 spell: Lee's Rapid Deconstruction
 15721 | Lair:3   | Noticed Amaemon
 15732 | Lair:3   | Killed Amaemon
 15825 | Lair:3   | Gained mutation: You punish those that try to bend your
                  | will. (Will+) [demonic ancestry]
 15825 | Lair:3   | Reached XP level 13. HP: 62/100 MP: 18/25
 16032 | Lair:3   | Reached ***** piety under Vehumet
 16037 | Lair:3   | Offered knowledge of Ignite Poison by Vehumet.
 16043 | Lair:3   | Learned a level 4 spell: Ignite Poison
 16138 | Lair:3   | Reached skill level 9 in Necromancy
 16679 | Lair:3   | Found a staircase to the Swamp.
 17096 | Lair:4   | Noticed Josephine
 17116 | Lair:4   | Killed Josephine
 17425 | Lair:4   | Reached skill level 5 in Maces & Flails
 17896 | Lair:5   | Entered Level 5 of the Lair of Beasts
 18488 | Lair:5   | Reached skill level 10 in Necromancy
 18872 | Lair:5   | Reached XP level 14. HP: 109/109 MP: 24/27
 19085 | Lair:5   | Found a viscous altar of Jiyva.
 19100 | Lair:5   | Found a staircase to the Slime Pits.
 19198 | Lair:5   | Offered knowledge of Conjure Ball Lightning by Vehumet.
 19594 | Lair:5   | Reached skill level 1 in Fire Magic
 20523 | Lair:5   | Slain by an eight-headed hydra

Illustrated notes

Levels and vault maps discovered:
D:1:      giann_forest_graveyard, layout_basic, due_unseen_surprise
D:2:      layout_rooms
D:3:      layout_basic, lemuel_tele_altar
D:4:      layout_loops_corners, kennysheep_mini_moat, enter_ossuary_2,
          nicolae_shop_overcharged_wands
D:5:      layout_rooms, portal_sewer_entry_e, minmay_misc_feat_rugged, uniq_ijyb
D:6:      layout_layer_cave, dreamdust_divine_triumvirate, dk_noncrumbling_2
D:7:      minmay_the_grid_octo_2x2 [minmay_the_grid_octo_vomiting_pacman,
          minmay_the_grid_octo_toaster, minmay_the_grid_octo_chip,
          minmay_the_grid_octo_prize_square_snowflake], layout_basic,
          minmay_temple_entry_drinking_statues, minmay_misc_feat_more_columns,
          uniq_duvessa
D:8:      layout_loops_ring, gammafunk_temple_overflow_statue,
          fiery_altar_vehumet, serial_shops, shop
D:9:      layout_roguey, uniq_psyche
D:10:     layout_roguey, mainiacjoe_overflow_alcove_1
D:11:     layout_loops_ring, minmay_variable_closet
D:12:     layout_irregular_city, orc_david_3
Temple:   hellmonk_temple_forest_ring
Lair:1:   layout_regular_city, patterned_corridor
Lair:2:   layout_regular_city, guppyfry_snake_entry_island,
          gammafunk_ghost_split, grunt_megastairs_3
Lair:3:   layout_regular_city, nicolae_swamp_entry_spooky, columned_hall_lemuel,
          grunt_megastairs_4, uniq_amaemon
Lair:4:   layout_regular_city, uniq_josephine
Lair:5:   grunt_lair_end_beastmaster, layout_regular_city, slime_entry_1

Skill      XL: |  1  2  3  4  5  6  7  8  9 10 11 12 13 14 |
---------------+-------------------------------------------+-----
Alchemy        | 1 2 3 4 5 |  5.7
Air Magic      | 3 4 5 6 7 8 |  8.4
Conjurations   | 1 2 3 4 5 6 7 8 |  8.6
Short Blades   | 1 2 3 4 5 |  5.9
Spellcasting   | 3 4 5 6 8 9 |  9.5
Necromancy     | 1 2 3 5 6 7 8 10 | 10.4
Fighting       | 3 4 5 7 8 9 |  9.9
Stealth        | 1 2 4 5 6 7 8 |  8.3
Dodging        | 1 2 3 4 |  4.7
Throwing       | 1 2 3 |  3.8
Maces & Flails | 2 4 5 |  5.5
Fire Magic     | 1 |  1.2
Armour         | |  1.0
Hexes          | |  1.1
Evocations     | |  1.0

Action                     |  1- 3 |  4- 6 |  7- 9 | 10-12 | 13-15 || total
---------------------------+-------+-------+-------+-------+-------++-------
  Melee: Dagger            |    34 |   134 |   271 |   253 |     6 ||   698
         Mace              |     4 |       |       |       |       ||     4
         Whip              |       |       |       |   221 |   294 ||   515
  Throw: Dart              |       |     3 |    21 |    34 |    29 ||    87
         Boomerang         |       |       |       |     8 |     5 ||    13
   Cast: Shock             |    17 |    34 |    37 |       |       ||    88
         Mephitic Cloud    |       |       |    26 |    50 |    37 ||   113
         Fugue of the Fall |       |       |     1 |    10 |    14 ||    25
         Airstrike         |       |       |       |     9 |     5 ||    14
         Vampiric Draining |       |       |       |     1 |       ||     1
         Ignite Poison     |       |       |       |       |    17 ||    17
  Evoke: Wand              |       |       |     1 |       |       ||     1
         Lightning rod     |       |       |       |     1 |       ||     1
    Use: Scroll            |     1 |     3 |     3 |     8 |     6 ||    21
         Potion            |       |       |       |     1 |     1 ||     2
   Stab: Sleeping          |     1 |       |     3 |     7 |     6 ||    17
         Confused          |       |       |    16 |    50 |    23 ||    89
         Distracted        |       |       |       |     3 |     2 ||     5
 Armour: Robe              |    28 |    61 |   126 |   212 |   198 ||   625
  Dodge: Dodged            |    14 |    37 |    96 |   179 |   132 ||   458

Table legend: (Time is in decaauts)
 A = Elapsed time spent in this place.
 B = Non-inter-level travel time spent in this place.
 C = Inter-level travel time spent in this place.
 D = Time resting spent in this place.
 E = Time spent auto-exploring this place.
 F = Levels seen in this place.
 G = Mean time per level.
                   A        B        C        D        E       F      G
               +--------+--------+--------+--------+--------+-----+--------+
         Total |  20353 |  19734 |    619 |   4149 |   4809 |  19 | 1071.2 |
       Dungeon |  12923 |  12403 |    520 |   2207 |   3056 |  12 | 1076.9 |
        Temple |      1 |      0 |      1 |      0 |      0 |   1 |    1.0 |
          Lair |   6992 |   6894 |     98 |   1777 |   1753 |   5 | 1398.4 |
       Ossuary |    435 |    435 |      0 |    165 |      0 |   1 |  435.0 |
               +--------+--------+--------+--------+--------+-----+--------+

Top non-repeatable levels by time:
     D:7: 2485 daAuts
  Lair:5: 2079 daAuts
  Lair:4: 1409 daAuts
     D:4: 1407 daAuts
     D:6: 1380 daAuts
  Lair:3: 1267 daAuts
  Lair:2: 1264 daAuts
     D:5: 1255 daAuts
     D:1: 1162 daAuts
     D:9: 1147 daAuts
  Lair:1: 972 daAuts
     D:8: 876 daAuts
    D:11: 832 daAuts
    D:10: 771 daAuts
    D:12: 684 daAuts
